 Dungeon Crawl Stone Soup version 0.27-a0-1302-g7736ffe575 (webtiles) character file.

Game seed: 5986253101567979832

21385 Ijustatesigmund the Timeless (level 12, -5/100 HPs)
             Began as a Demonspawn Fighter on June 18, 2021.
             Was a High Priest of Cheibriados.
             Slain by a red ugly thing (6 damage)
             ... on level 14 of the Dungeon.
             The game lasted 00:32:35 (14714 turns).

Ijustatesigmund the Timeless (Demonspawn Fighter)  Turns: 14714, Time: 00:32:37

Health: -5/100     AC: 35    Str: 29    XL:     12   Next: 53%
Magic:  0/30       EV:  8    Int: 25    God:    Cheibriados [*****.]
Gold:   684        SH: 12    Dex: 26    Spells: 11/11 levels left

rFire    . . .     SeeInvis .   a - +7 broad axe of the Unliving {elec, rN++}
rCold    . . .     Faith    .   c - +0 kite shield
rNeg     + + +     Spirit   +   b - +11 plate armour "Icor" {Stlth+}
rPois    .         Reflect  .   y - +2 hat
rElec    .         Harm     .   x - +2 cloak
rCorr    .         Rampage  .   l - +2 pair of gloves
Will     .....                  (no boots)
Stlth    ..........             (no amulet)
HPRegen  0.26/turn              u - ring of positive energy
MPRegen  0.44/turn              f - ring of magical power

@: very slow
A: hooves 1, yellow scales 2, ignite blood 1, magic shield, magic regeneration
a: Renounce Religion, Bend Time, Temporal Distortion, Slouch, Step From Time


You were on level 14 of the Dungeon.
You worshipped Cheibriados.
Cheibriados was extremely pleased with you.
You visited 2 branches of the dungeon, and saw 15 of its levels.

You collected 1924 gold pieces.
You spent 1240 gold pieces at shops.

Inventory:

Hand Weapons
 a - the +7 broad axe of the Unliving (weapon) {elec, rN++}
   (You acquired it on level 4 of the Dungeon)

   Occasionally, upon striking a foe, it can discharge electrical energy and
   cause terrible harm.
   It greatly protects you from negative energy.
 d - a +1 war axe of flaming
Missiles
 m - 7 atropa-tipped darts (quivered)
 r - 7 curare-tipped darts
Armour
 b - the +11 plate armour "Icor" (worn) {Stlth+}
   (You bought it in a shop on level 3 of the Dungeon)

   It makes you more stealthy.
 c - a +0 kite shield (worn)
 l - a +2 pair of gloves (worn)
 x - a +2 cloak (worn)
 y - a +2 hat (worn)
Jewellery
 f - a ring of magical power (right hand)
 i - a ring of ice
 u - a ring of positive energy (left hand)
Wands
 q - a wand of flame (7)
 t - a wand of iceblast (3)
 v - a wand of digging (5)
 z - a wand of polymorph (14)
 B - a wand of acid (2)
 E - a wand of mindburst (17)
Scrolls
 n - 4 scrolls of enchant weapon
 s - 2 scrolls of silence
 D - 2 scrolls of enchant armour
 F - 3 scrolls of magic mapping
 G - 2 scrolls of teleportation
 I - a scroll of amnesia
 J - 3 scrolls of identify
Potions
 e - a potion of magic
 g - a potion of flight {unknown}
 j - 2 potions of lignification
 k - 3 potions of resistance
 o - a potion of might
 p - 4 potions of curing
 A - 2 potions of attraction
 H - a potion of invisibility
 K - a potion of ambrosia {unknown}


   Skills:
 + Level 11.1 Fighting
 + Level 11.7 Axes
 + Level 7.2 Armour
 - Level 3.3 Dodging
 - Level 4.4 Shields
 + Level 12.0 Invocations


You had 11 spell levels left.
You didn't know any spells.
Your spell library contained the following spells:

 Spells                   Type           Power      Damage    Failure   Level
 Animate Skeleton         Necr           0%         N/A       99%         1
 Beastly Appendage        Tmut           0%         N/A       99%         1
 Corona                   Hex            0%         N/A       99%         1
 Foxfire                  Conj/Fire      0%         2x1d4     99%         1
 Freeze                   Ice            0%         1d3       99%         1
 Pain                     Necr           0%         1d4       99%         1
 Shock                    Conj/Air       0%         1d3       99%         1
 Frozen Ramparts          Ice            0%         1d2       100%        3
 Ozocubu's Armour         Ice            0%         N/A       100%        3
 Vampiric Draining        Necr           0%         2d6       100%        3
 Animate Dead             Necr           0%         N/A       100%        4
 Hailstorm                Conj/Ice       0%         3d3       100%        4
 Leda's Liquefaction      Hex/Erth       0%         N/A       100%        4
 Sticky Flame             Conj/Fire      0%         2d3       100%        4
 Agony                    Necr           0%         N/A       100%        5
 Borgnjor's Vile Clutch   Necr/Erth      0%         N/A       100%        5
 Metabolic Englaciation   Hex/Ice        0%         N/A       100%        5
 Starburst                Conj/Fire      0%         8x6d3     100%        6


Dungeon Overview and Level Annotations

Branches:
Dungeon (14/15)            Temple (1/1) D:5            Lair (0/6) D:9
    Orc (0/2) D:11
 Vaults: D:13-14

Altars:
Ashenzari
Cheibriados
Dithmenos
Elyvilon
Fedhas
Gozag
Hepliaklqana
Kikubaaqudgha
Makhleb
Nemelex Xobeh
Okawaru
Qazlal
Ru
Sif Muna
Trog
Uskayaw
Vehumet
Wu Jian
Xom
Yredelemnul
Zin
The Shining One

Shops:
D:3 [   D:6 *   D:14 ?

Portals:
Trove: D:11 (give 13 potions of heal wounds)

Annotations:
D:9 exclusion: ice statue
D:13 Rupert, Urug


Innate Abilities, Weirdness & Mutations

You have large cloven feet.
You are mostly covered in yellow scales. (AC +3)
Your demonic aura sometimes causes spilled blood to erupt in flames.
When hurt, damage is shared between your health and your magic reserves.
You regenerate magic rapidly.


Message History

Cheibriados appreciates the change of pace.
Cheibriados lowers the support of your attributes as your movement quickens.
You block the white ugly thing's attack.
You slice the white ugly thing!!
Lightning courses through the white ugly thing!
You kick the white ugly thing.
You kill the white ugly thing!
Cheibriados appreciates the change of pace.
Your Invocations skill increases to level 12!
You closely miss the white ugly thing. Your kick misses the white ugly thing.
The white ugly thing is moderately wounded.
The white ugly thing completely misses you.
You slash the white ugly thing! You kick the white ugly thing!
The white ugly thing is severely wounded.
You block the white ugly thing's attack.
You hit the red ugly thing. You kick the red ugly thing.
The red ugly thing is heavily wounded.
The red ugly thing bites you!
* * * LOW HITPOINT WARNING * * *
You are engulfed in flames!!
* * * LOW HITPOINT WARNING * * *
You feel better. The red ugly thing bites you.
* * * LOW HITPOINT WARNING * * *
You are engulfed in flames!
* * * LOW HITPOINT WARNING * * *
Okay, then.
Okay, then.
Aiming: Corrosive Bolt
Press: ? - help, Shift-Dir - straight line, f - red ugly thing
Aim: a red ugly thing (heavily wounded, 71% to hit)
The bolt of acid hits the red ugly thing!
The red ugly thing is splashed with acid.
The acid corrodes the red ugly thing!
The red ugly thing is severely wounded.
The bolt of acid hits the white ugly thing!
The white ugly thing is splashed with acid.
The acid corrodes the white ugly thing!
The white ugly thing is almost dead.
The red ugly thing bites you!
You die...

,8**,,,,*
#.###########.≈≈u.
≈***,,,,* #.#
#.≈≈u# ≈***,,,,*
#.# ♣♣♣.≈≈u♣
,≈***,,** #.#
♣...≈≈.. ,,,*****
#.# ♣.⌠.≈≈.♣ ≈,,≈**
#.# ♣...≈≈..
*,,≈≈***** #.#
♣.♣.≈≈.∩
**,,,,≈≈≈** ***#.#
♣...≈≈..
*≈,,,,,,,***,*#@#
♣.⌠.≈≈.♣
**≈≈,,,,,,*,,*,#u#
♣...≈≈..
*⌠≈≈,,,,,,+.....u#
♣♣♣.≈≈.♣
**≈≈,,,,,≈#...)###*
*** #.≈≈.#
**≈,,,,,≈≈#....,,,*
*,**#.≈≈.#
**,,≈≈≈≈≈*###.***,*
*,,,,,≈≈,*
*,,≈≈***** *#.,,*,*
*,****≈≈,* ≈,,≈**
***.,,,,,******,*
*≈≈,* ≈,,*****
*,..,,,,,,,,,,,,*
**,,,


You could see 2 ugly things.

Vanquished Creatures
  A hydra (D:8)
  Erolcha (D:9)
  3 centaur warriors
  2 two-headed ogres
  3 skeletal warriors (D:12)
  3 ugly things (D:14)
  2 cyclopes
  A salamander (shapeshifter) (D:13)
  A centaur zombie (D:10)
  2 unseen horrors
  2 komodo dragons
  Prince Ribbit (D:7)
  A troll (D:9)
  A hornet (D:11)
  A meliai zombie (D:11)
  A spriggan (D:7)
  3 shadows
  12 yaks (D:9)
  A wraith (D:11)
  3 wyverns
  7 humans (D:13)
  A steam dragon (D:9)
  4 vampire mosquitoes
  3 wargs (D:9)
  A two-headed ogre zombie (D:11)
  6 water moccasins
  An acid dragon (D:12)
  A meliai simulacrum (D:13)
  4 orc warriors
  3 black bears
  A sky beast (D:6)
  4 ogres
  4 centaurs
  2 phantoms
  6 kobold brigands
  2 bullfrogs (D:7)
  2 gnoll sergeants (D:12)
  4 scorpions
  A water moccasin zombie (D:5)
  A wyvern skeleton (D:7)
  A troll zombie (D:11)
  8 killer bees
  13 wights
  3 jellies
  3 hounds
  7 orc priests
  4 centaur skeletons
  2 gnoll shamans (D:8)
  5 iguanas
  Jessica (D:2)
  11 orc wizards
  7 ogre zombies
  2 hound skeletons (D:5)
  A howler monkey zombie (D:10)
  23 gnolls
  3 adders
  A gnoll zombie (D:8)
  2 shadow imps
  2 white imps
  5 ufetubi
  A worm (D:2)
  2 dart slugs
  32 orcs
  8 bats
  6 endoplasms
  6 giant cockroaches
  8 goblins
  7 hobgoblins
  4 jackals
  22 kobolds
  3 quokkas
  7 ball pythons
  3 frilled lizards
  3 goblin skeletons (D:11)
  3 hobgoblin zombies (D:11)
  8 orc skeletons (D:11)
  11 orc zombies (D:11)
  4 rats
345 creatures vanquished.

Notes
Turn   | Place    | Note
-------+----------+-------------------------------------------
     0 | D:1      | Ijustatesigmund the Demonspawn Fighter began the quest for
                  | the Orb.
     0 | D:1      | Reached XP level 1. HP: 18/18 MP: 1/1
    20 | D:1      | Gained mutation: You have large cloven feet. [demonic
                  | ancestry]
    20 | D:1      | Reached XP level 2. HP: 12/24 MP: 2/2
   389 | D:1      | You fall into a shaft and drop 1 floor!
   568 | D:2      | Reached XP level 3. HP: 16/29 MP: 3/3
  1316 | D:2      | Noticed Jessica
  1321 | D:2      | Killed Jessica
  1539 | D:2      | Gained mutation: You are partially covered in yellow
                  | scales. (AC +2) [demonic ancestry]
  1539 | D:2      | Reached XP level 4. HP: 25/37 MP: 4/4
  2559 | D:3      | Found Dyacel's Antique Armour Shoppe.
  2598 | D:3      | Noticed a great orb of eyes
  2599 | D:3      | Found a faded altar of an unknown god.
  2607 | D:3      | Noticed an eye of devastation
  2607 | D:3      | Noticed a floating eye
  2607 | D:3      | Noticed an eye of devastation
  2847 | D:4      | Noticed an ogre
  2854 | D:4      | Killed an ogre
  2855 | D:4      | Gained mutation: You are mostly covered in yellow scales.
                  | (AC +3) [demonic ancestry]
  2855 | D:4      | Reached XP level 5. HP: 24/43 MP: 5/5
  3023 | D:4      | Noticed an ogre
  3029 | D:4      | Killed an ogre
  3030 | D:4      | Reached skill level 5 in Axes
  3030 | D:4      | Reached XP level 6. HP: 30/49 MP: 6/6
  3539 | D:4      | Reached skill level 5 in Fighting
  3710 | D:4      | Gained mutation: Your demonic aura sometimes causes spilled
                  | blood to erupt in flames. [demonic ancestry]
  3710 | D:4      | Reached XP level 7. HP: 41/56 MP: 7/7
  4481 | D:4      | Identified a scroll of acquirement
  4481 | D:4      | Acquired the +7 broad axe of the Unliving {elec, rN++}
  4787 | D:3      | Bought a pair of runed gloves for 210 gold pieces
  4833 | D:5      | Entered Level 5 of the Dungeon
  4842 | D:5      | Reached skill level 1 in Dodging
  5095 | D:5      | Found an ancient bone altar of Kikubaaqudgha.
  5186 | D:5      | Reached XP level 8. HP: 47/64 MP: 8/8
  5341 | D:5      | Identified A Beginning Course on Witchery
  5401 | D:5      | Found a staircase to the Ecumenical Temple.
  5862 | D:6      | Found an ornate altar of the Wu Jian Council.
  6353 | D:6      | Found a broken altar of Ashenzari.
  6382 | D:6      | Found Xosopibiela's Assorted Antiques.
  6392 | D:6      | Bought a scroll labelled LIOFUG SECHEOR for 29 gold pieces
  6396 | D:6      | Identified the Papyrus of Ignition and the Rocks
  6795 | Temple   | Entered the Ecumenical Temple
  6805 | Temple   | Became a worshipper of Cheibriados the Contemplative
  6851 | D:7      | Gained mutation: You regenerate magic rapidly. [demonic
                  | ancestry]
  6851 | D:7      | Reached XP level 9. HP: 69/69 MP: 9/9
  6881 | D:7      | Reached skill level 1 in Invocations
  6881 | D:7      | Noticed Prince Ribbit
  7040 | D:6      | Reached skill level 2 in Invocations
  7461 | D:7      | Killed Prince Ribbit
  7462 | D:7      | Reached skill level 3 in Invocations
  7947 | D:7      | Reached * piety under Cheibriados
  7948 | D:7      | Reached skill level 4 in Invocations
  8154 | D:8      | Found a transporter.
  8280 | D:8      | Found a large runed translucent door.
  8280 | D:8      | Found a large runed translucent door.
  8286 | D:8      | Noticed a centaur warrior
  8286 | D:8      | Noticed a cyclops
  8295 | D:8      | Found a large runed translucent door.
  8295 | D:8      | Found a large runed translucent door.
  8303 | D:8      | Reached skill level 5 in Invocations
  8346 | D:8      | Killed an unseen horror
  8355 | D:8      | Reached ** piety under Cheibriados
  8356 | D:8      | Reached skill level 6 in Invocations
  8356 | D:8      | Reached XP level 10. HP: 38/80 MP: 14/14
  8356 | D:8      | Noticed an eight-headed hydra
  8701 | D:9      | Noticed a two-headed ogre
  8707 | D:9      | Killed a two-headed ogre
  8708 | D:9      | Reached skill level 7 in Invocations
  9285 | D:9      | Found a staircase to the Lair.
  9354 | D:9      | Reached skill level 10 in Axes
  9354 | D:9      | Reached skill level 8 in Invocations
  9534 | D:9      | Reached *** piety under Cheibriados
  9644 | D:9      | Noticed an ice statue
  9893 | D:9      | Reached skill level 9 in Invocations
 10314 | D:9      | Reached XP level 11. HP: 88/89 MP: 17/17
 10321 | D:9      | Reached **** piety under Cheibriados
 10459 | D:9      | Noticed Erolcha
 10466 | D:9      | Killed Erolcha
 10735 | D:9      | Found a shimmering altar of Xom.
 10974 | D:10     | Entered Level 10 of the Dungeon
 11146 | D:10     | Acquired 1078 gold pieces
 11321 | D:3      | Bought a crude plate armour for 784 gold pieces
 11321 | D:3      | Identified the +11 plate armour "Icor" {Stlth+} (You bought
                  | it in a shop on level 3 of the Dungeon)
 11401 | D:6      | Bought a scroll of blinking for 217 gold pieces
 11494 | D:8      | Killed an eight-headed hydra
 11678 | D:8      | Found a transporter.
 11706 | D:8      | Identified the -4 helmet of Corr {Will+ rCorr Str-2}
 12439 | D:8      | Reached skill level 5 in Armour
 12441 | D:8      | Killed a centaur warrior
 12442 | D:8      | Reached skill level 10 in Invocations
 12453 | D:8      | Identified the +6 lajatang of Courage {antimagic, +Blink
                  | rCorr}
 12585 | D:10     | Reached skill level 10 in Fighting
 12967 | D:11     | Reached ***** piety under Cheibriados
 12987 | D:11     | Found a staircase to the Orcish Mines.
 13206 | D:11     | Noticed a two-headed ogre
 13211 | D:11     | Killed a two-headed ogre
 13523 | D:11     | Noticed a centaur warrior
 13529 | D:11     | Killed a centaur warrior
 13530 | D:11     | Reached skill level 11 in Invocations
 13530 | D:11     | Gained mutation: When hurt, damage is shared between your
                  | health and your magic reserves. [demonic ancestry]
 13530 | D:11     | Reached XP level 12. HP: 78/98 MP: 20/20
 13629 | D:11     | Found a portal to a secret trove of treasure.
 13985 | D:12     | Found a shadowy altar of Dithmenos.
 14561 | D:13     | Noticed Rupert
 14561 | D:13     | Paralysed by Rupert for 3 turns
 14562 | D:13     | Noticed Urug
 14563 | D:13     | Noticed a centaur warrior
 14563 | D:13     | Noticed a centaur warrior
 14568 | D:13     | Killed a centaur warrior
 14656 | D:14     | Found Teohyam's Magic Scroll Shop.
 14710 | D:14     | Reached skill level 12 in Invocations
 14713 | D:14     | HP: 1/100 [red ugly thing (14)]
 14714 | D:14     | Slain by a red ugly thing

Illustrated notes

Levels and vault maps discovered:
D:1:      tarquinn_simple_flora_water_d, layout_basic
D:2:      layout_basic, minmay_unequal, uniq_jessica
D:3:      layout_rooms, hellmonk_ecumenical_altar_watching_god, serial_shops,
          nicolae_lakefront_shop
D:4:      layout_gridville
D:5:      layout_gridville, old_standard_altar, minmay_temple_entry_fiery,
          minmay_starry_boxes
D:6:      layout_cave_pools, nicolae_overflow_hidden_temple,
          general_overflow_altar, serial_glass, glass_columns_b,
          glass_columns_b, serial_shops, nicolae_stop_n_shop_1,
          chequers_serial_rivers_marsh, hangedman_abyss_or_decor_stagger,
          minmay_fractal_squares_gapless_5
D:7:      layout_rooms, the_hattery, uniq_prince_ribbit1
D:8:      gammafunk_cloud_chamber, layout_cave_pools,
          minmay_hollow_rounded_squares
D:9:      cheibrodos_frozen_isle, layout_loops_ring, tgw_xom,
          erik_lair_orcish_takeover, eino_curves_04, uniq_erolcha
D:10:     layout_rooms
D:11:     layout_rooms, zombieorc2_lemuel, enter_trove_2
D:12:     layout_long_grid, nicolae_dithmenos_the_darkroom
D:13:     layout_irregular_city, david_vaults_3, serial_undead, serial_undead_c,
          serial_undead_e, serial_undead_d, serial_undead_d
D:14:     cheibrodos_breeding_chamber, layout_loops_ring,
          gauntlet_entry_generic, nicolae_wooded_promenade, uniq_snorg
Temple:   nicolae_temple_no_exploring_needed

Skill      XL: |  1  2  3  4  5  6  7  8  9 10 11 12 |
---------------+-------------------------------------+-----
Axes           | 2 3 4 5 6 8 9 10 11 | 11.7
Fighting       | 4 5 6 7 9 10 11 | 11.1
Armour         | 3 4 6 7 |  7.2
Dodging        | 2 3 |  3.3
Shields        | 3 4 |  4.4
Invocations    | 6 9 11 12 | 12.0

Action                   |  1- 3 |  4- 6 |  7- 9 | 10-12 || total
-------------------------+-------+-------+-------+-------++-------
Melee: War axe           |    75 |   105 |    17 |       ||   197
       Kick              |    15 |    24 |    46 |   117 ||   202
       Broad axe         |       |       |   183 |   303 ||   486
       Flail             |       |       |       |     3 ||     3
Throw: Dart              |       |       |     1 |     1 ||     2
Invok: Bend Time         |       |       |       |     1 ||     1
       Slouch            |       |       |       |     3 ||     3
Evoke: Wand              |       |       |       |    18 ||    18
  Use: Scroll            |     1 |     5 |    14 |    12 ||    32
       Potion            |       |     1 |     7 |     5 ||    13
Armor: Scale mail        |    37 |    72 |    96 |       ||   205
       Chain mail        |       |       |    87 |    72 ||   159
       Plate armour      |       |       |       |   155 ||   155
       Skin              |       |       |       |    12 ||    12
Dodge: Dodged            |    20 |    37 |   100 |   105 ||   262
Block: Kite shield       |    34 |    67 |   146 |   222 ||   469

Table legend: (Time is in decaauts)
 A = Elapsed time spent in this place.
 B = Non-inter-level travel time spent in this place.
 C = Inter-level travel time spent in this place.
 D = Time resting spent in this place.
 E = Time spent auto-exploring this place.
 F = Levels seen in this place.
 G = Mean time per level.
                   A        B        C        D        E       F      G
               +--------+--------+--------+--------+--------+-----+--------+
         Total |  17797 |  16601 |   1196 |   3964 |  10006 |  15 | 1186.5 |
       Dungeon |  17775 |  16591 |   1184 |   3964 |  10006 |  14 | 1269.6 |
        Temple |     22 |     10 |     12 |      0 |      0 |   1 |   22.0 |
               +--------+--------+--------+--------+--------+-----+--------+

Top non-repeatable levels by time:
     D:9: 2913 daAuts
     D:4: 2122 daAuts
     D:8: 1976 daAuts
     D:6: 1699 daAuts
    D:12: 1319 daAuts
     D:2: 1193 daAuts
    D:11: 1120 daAuts
     D:7: 1116 daAuts
     D:5: 1099 daAuts
     D:1: 1045 daAuts
    D:10: 949 daAuts
     D:3: 859 daAuts
    D:14: 191 daAuts
    D:13: 167 daAuts
  Temple: 22 daAuts
